 Dungeon Crawl Stone Soup version 0.30-a0-939-gc8157cb160 (webtiles) character file.

Game seed: 15086364874304240247

89 voltaire321 the Stinger (level 4, -3/28 HPs)
             Began as an Octopode Venom Mage on Mar 25, 2023.
             Slain by an adder (4 damage)
             ... on level 3 of the Dungeon.
             The game lasted 00:04:51 (1503 turns).

voltaire321 the Stinger (Octopode Venom Mage)       Turns: 1503, Time: 00:04:51

Health: -3/28      AC:  1    Str:  7    XL:     4   Next: 55%
Magic:  4/7        EV: 13    Int: 19    God:
Gold:   90         SH:  0    Dex: 12    Spells: 7/8 levels left

rFire   . . .      SeeInvis .    e - +1 mace (heavy)
rCold   . . .      Faith    .    (no shield)
rNeg    . . .      Spirit   .    (helmet restricted)
rPois   .          Reflect  .    (no amulet)
rElec   .          Rampage  .    (no ring)
rCorr   .                        (no ring)
Will    .....                    (no ring)
Stlth   +++                      (no ring)
HPRegen 0.24/turn                (no ring)
MPRegen 0.10/turn                (no ring)
                                 (no ring)
                                 (no ring)

@: lethally poisoned (-3 -> -3)
A: almost no armour, amphibious, 8 rings, camouflage 1, gelatinous body 1,
(nimble swimmer 1), tentacles
a: no special abilities


You were on level 3 of the Dungeon.
You visited 1 branch of the dungeon, and saw 3 of its levels.

You collected 90 gold pieces.

Inventory:

Hand Weapons
 e - a +1 heavy mace (weapon)
 n - a +0 rapier
 r - a +3 dagger
Wands
 o - a wand of roots (9)
Scrolls
 b - 2 scrolls of brand weapon {unknown}
 d - a scroll of butterflies {unknown}
 f - 2 scrolls of magic mapping {unknown}
 g - a scroll of immolation {unknown}
 l - a scroll of vulnerability {unknown}
 p - a scroll of identify {unknown}
 q - a scroll of torment {unknown}
Potions
 a - a potion of magic
 c - a potion of lignification {unknown}
 h - a potion of resistance {unknown}
 i - 2 potions of flight {unknown}
 j - a potion of curing {unknown}
 k - a potion of mutation {unknown}
 m - a potion of cancellation {unknown}


   Skills:
 + Level 1.5 Fighting
 + Level 2.7 Dodging
 - Level 2.6 Stealth
 + Level 2.5 Spellcasting
 + Level 2.0 Transmutations
 + Level 4.2 Poison Magic


You had 7 spell levels left.
You knew the following spells:

 Your Spells              Type           Power      Damage    Failure   Level
a - Sting                 Tmut/Pois      56%        1d5       4%          1

Your spell library contained the following spells:

 Spells                   Type           Power      Damage    Failure   Level
 Poisonous Vapours        Pois/Air       20%        N/A       10%         2
 Slow                     Hex            8%         N/A       16%         1
 Mephitic Cloud           Conj/Pois/Air  7%         N/A       26%         3
 Olgreb's Toxic Radiance  Pois           18%        N/A       28%         4
 Tukima's Dance           Hex            2%         N/A       43%         3


Dungeon Overview and Level Annotations

Branches:
Dungeon (3/15)

Altars:
Sif Muna

Shops:
D:1 *(


Innate Abilities, Weirdness & Mutations

You cannot wear most types of armour.
You are amphibious.
You can wear up to eight rings at the same time.
Your skin changes colour to match your surroundings (Stealth+).
Your rubbery body absorbs attacks. (AC +1, EV +1)
((You are camouflaged when in or above water. (Stealth+)))
You have tentacles for arms and can constrict up to eight enemies at once.


Message History

The orc is lightly wounded.
An adder comes into view.
The orc closely misses you.
You barely miss the orc.
The adder hisses angrily.
Your grab misses the orc.
The orc is heavily wounded.
The orc hits you with a +0 dagger. x2
You hit the orc.
You kill the orc!
The endoplasm jiggles.
The adder misses you. The adder barely misses you.
You closely miss the adder. Your grab misses the adder. The adder bites you. x2
You are poisoned.
The adder poisons you! The adder misses you.
You hit the adder. Your grab misses the adder.
The adder is lightly wounded.
You feel very sick.
The adder closely misses you. x2; The adder bites you.
You are more poisoned.
The adder poisons you!
You hit the adder. Your grab misses the adder.
Your tentacle-slap misses the adder.
Your squeeze misses the adder.
The adder is severely wounded.
You feel very sick. The adder bites you.
* * * LOW HITPOINT WARNING * * *
The adder misses you.
You closely miss the adder. Your grab misses the adder.
The adder is severely wounded.
You feel sick. The adder barely misses you. The adder bites you.
* * * LOW HITPOINT WARNING * * *
The adder closely misses you.
You barely miss the adder. You grab the adder.
The adder is severely wounded.
You constrict the adder.
* * * LOW HITPOINT WARNING * * *
You feel very sick. The adder barely misses you. The adder bites you.
You die...

#.#.#.####
#.#......#
#)#......#
#######†#......##
........†......>#
#.......#.#.###.#
#.......#.#.# #.#
#.......#.#.###.#
#.......#.#....@#
#.......#+#####S#
......... #J#
......... ...
.... ......
....... ........#


You could see an adder and an endoplasm.

Vanquished Creatures
  4 adders (D:2)
  A gnoll (D:1)
  An orc (D:3)
  2 endoplasms (D:1)
  3 goblins (D:1)
  2 hobgoblins
  8 kobolds
  A quokka (D:2)
  6 ball pythons
  11 bats
  A frilled lizard (D:3)
  5 rats
45 creatures vanquished.

Notes
Turn   | Place    | Note
-------+----------+-------------------------------------------
     0 | D:1      | voltaire321 the Octopode Venom Mage began the quest for the
                  | Orb.
     0 | D:1      | Reached XP level 1. HP: 11/11 MP: 3/3
   184 | D:1      | Found Ufoik's Antique Weapon Boutique.
   203 | D:1      | Found Vetikaha's Assorted Antiques.
   308 | D:1      | Reached XP level 2. HP: 18/18 MP: 5/5
   339 | D:1      | Found a faded altar of an unknown god.
   558 | D:1      | Reached XP level 3. HP: 22/22 MP: 4/6
   709 | D:1      | Reached skill level 1 in Fighting
   827 | D:2      | Reached skill level 4 in Poison Magic
   925 | D:2      | Got the Directory of the Cuttlefish
   972 | D:2      | Found a shimmering blue altar of Sif Muna.
  1096 | D:2      | Reached XP level 4. HP: 24/28 MP: 4/7
  1503 | D:3      | HP: 1/28 [poisoned by an adder]
  1503 | D:3      | Slain by an adder

Illustrated notes

Levels and vault maps discovered:
D:1:      scummos_arrival_simple_fountains, layout_loops_cross, serial_shops,
          shop, shop_fountains, shapermc_ecumenical_altar_totnotflames,
          minivault_24, minmay_quantized
D:2:      layout_basic, basic_altar, grunt_decor_cap
D:3:      layout_basic, minmay_misc_feat_room

Skill      XL: |  1  2  3  4 |
---------------+-------------+-----
Fighting       | 1 |  1.5
Poison Magic   | 4 |  4.2
Transmutations | 2 |  2.0
Dodging        | |  2.7
Stealth        | |  2.6
Spellcasting   | |  2.5

Action                     |  1- 3 |  4- 6 || total
---------------------------+-------+-------++-------
  Melee: Mace              |    25 |    17 ||    42
         Unarmed           |     4 |       ||     4
         Constrict         |     8 |     2 ||    10
         Tentacles         |     3 |     1 ||     4
   Cast: Sting             |    33 |     9 ||    42
 Armour: Skin              |    11 |     2 ||    13
  Dodge: Dodged            |    33 |    22 ||    55

Table legend: (Time is in decaauts)
 A = Elapsed time spent in this place.
 B = Non-inter-level travel time spent in this place.
 C = Inter-level travel time spent in this place.
 D = Time resting spent in this place.
 E = Time spent auto-exploring this place.
 F = Levels seen in this place.
 G = Mean time per level.
                   A        B        C        D        E       F      G
               +--------+--------+--------+--------+--------+-----+--------+
         Total |   1547 |   1499 |     48 |      0 |   1050 |   3 |  515.7 |
       Dungeon |   1547 |   1499 |     48 |      0 |   1050 |   3 |  515.7 |
               +--------+--------+--------+--------+--------+-----+--------+

Top non-repeatable levels by time:
     D:1: 828 daAuts
     D:2: 583 daAuts
     D:3: 134 daAuts
